 Dungeon Crawl Stone Soup version 0.16-a0-3212-g68818ff (webtiles) character file.

406 Johnny the Bolt Thrower (level 6, -1/48 HPs)
             Began as a Mummy Hunter on Dec 19, 2014.
             Slain by a goblin
             ... wielding a +0 dagger
              (5 damage)
             ... on level 4 of the Dungeon.
             The game lasted 00:03:23 (2820 turns).

Johnny the Bolt Thrower (Mummy Hunter)              Turns: 2820, Time: 00:03:23

Health: -1/48      AC:  4    Str: 15    XL:     6   Next: 56%
Magic:  6/6        EV: 13    Int: 10    God:
Gold:   129        SH:  0    Dex: 14    Spells: 0 memorised, 5 levels left

rFire  x . .     SeeInvis .     h - +2 dagger (venom)
rCold  + + .     Clarity  .     d - +0 leather armour
rNeg   + + +     SustAb   .     (no shield)
rPois  ∞         Gourm    .     (no helmet)
rElec  .         Spirit   .     (no cloak)
rCorr  .         Warding  .     p - +0 pair of gloves
rMut   .         Stasis   .     (no boots)
MR     .....                    (no amulet)
Stlth  +.........               (no ring)
                                m - ring of protection from cold

@: not resistant to hostile enchantments, very unstealthy
A: no food or potions, fire vulnerability, restore body, cold resistance 1,
negative energy resistance 3, poison resistance, torment resistance, unbreathing
a: no special abilities


You were on level 4 of the Dungeon.
You were not hungry.

You visited 1 branch of the dungeon, and saw 5 of its levels.

You collected 129 gold pieces.

Inventory:

Hand weapons
 a - a +0 short sword
 b - a +1 hand crossbow
 h - a +2 dagger of venom (weapon)
 j - a +3 dagger
 k - a +0 battleaxe
Missiles
 c - 3 bolts
Armour
 d - a +0 leather armour (worn)
 p - a +0 pair of gloves (worn)
Jewellery
 m - a ring of protection from cold (left hand)
 q - an uncursed ring of protection from fire {unknown}
Scrolls
 e - a scroll of amnesia {unknown}
 f - 3 scrolls of identify {unknown}
 g - 2 scrolls of teleportation {unknown}
 i - 3 scrolls of magic mapping {unknown}
 l - a scroll of noise {unknown}
 n - a scroll of random uselessness {unknown}
 o - a scroll of enchant armour {unknown}


   Skills:
 + Level 3.8 Fighting
 * Level 5.1 Crossbows
 + Level 3.3 Dodging
 - Level 0.7 Stealth


You had 5 spell levels left.
You didn't know any spells.

Dungeon Overview and Level Annotations

Branches:
Dungeon (5/15)
 Temple: D:4-7

Altars:

Annotations:
D:3 dadoka's ghost, average DsGl


Innate Abilities, Weirdness & Mutations

You do not eat or drink.
Your flesh is vulnerable to fire.
Your flesh is cold resistant.
You are immune to negative energy.
Your system is resistant to poisons.
You are immune to unholy pain and torment.
You can survive without breathing.


Message History

There is a stone staircase leading up here.
You hit the centaur but do no damage.
The centaur is poisoned.
The jackal barks!
The centaur hits you but does no damage.
You hit the centaur.
The centaur looks even sicker.
The centaur is heavily wounded.
The centaur hits you.
* * * LOW HITPOINT WARNING * * *
The centaur hits you but does no damage.
You hit the centaur.
The centaur is almost dead.
The centaur hits you.
* * * LOW HITPOINT WARNING * * *
You hit the centaur.
You kill the centaur!
The jackal barely misses you.
You climb upwards.
The goblin closely misses you.
There is a stone staircase leading down here.
You completely miss the goblin. The goblin hits you with a dagger.
You die...

####### #.....# #.###.#
####[###.#########
#.................
########@................
#......g....#############
#.###########
#####..........
#....g.##..... #.####.#
.. #.##...# #.#...g###
#........#


You could see a goblin.

Vanquished Creatures
  An ogre (D:4)
  A centaur (D:5)
  An orc wizard (D:4)
  An iguana (D:4)
  Natasha (D:3)
  A worker ant (D:4)
  A hound skeleton (D:4)
  3 adders
  3 gnolls (D:4)
  A worm (D:2)
  An adder skeleton (D:4)
  4 giant geckos
  3 orcs (D:4)
  A ball python (D:3)
  5 bats
  A bat skeleton (D:4)
  A giant cockroach (D:3)
  8 hobgoblins
  3 jackals (D:4)
  6 kobolds
  A giant gecko skeleton (D:4)
  5 giant newts
  6 goblins
  4 quokkas
  7 rats
70 creatures vanquished.

Notes
Turn   | Place    | Note
--------------------------------------------------------------
     0 | D:1      | Johnny, the Mummy Hunter, began the quest for the Orb.
     0 | D:1      | Reached XP level 1. HP: 16/16 MP: 1/1
   301 | D:1      | Reached XP level 2. HP: 22/22 MP: 2/2
   941 | D:2      | Reached XP level 3. HP: 24/28 MP: 3/3
  1384 | D:3      | Noticed Natasha
  1389 | D:3      | Killed Natasha
  1389 | D:3      | Reached XP level 4. HP: 13/34 MP: 4/4
  1652 | D:3      | Reached skill level 4 in Crossbows
  1674 | D:3      | Noticed dadoka's ghost (average DsGl)
  2220 | D:4      | Noticed an ogre
  2237 | D:4      | Killed an ogre
  2237 | D:4      | Reached XP level 5. HP: 38/41 MP: 5/5
  2318 | D:4      | Reached XP level 6. HP: 28/47 MP: 6/6
  2776 | D:4      | Reached skill level 5 in Crossbows
  2813 | D:5      | Entered Level 5 of the Dungeon
  2820 | D:4      | Slain by a goblin

Action                   |  1- 3 |  4- 6 || total
-------------------------+-------+-------++-------
Melee: Dagger            |       |   102 ||   102
 Fire: Hand crossbow     |    92 |    29 ||   121
 Stab: Sleeping          |       |     1 ||     1
